 Dungeon Crawl Stone Soup version 0.27-a0-1242-ge70438ac7b (webtiles) character file.

Game seed: 15410672165180400917

221 EnegeticOcto the Chopper (level 5, 0/46 HPs)
             Began as a Deep Dwarf Delver on June 9, 2021.
             Slain by a mummy (11 damage)
             ... in an ossuary.
             The game lasted 00:01:44 (271 turns).

EnegeticOcto the Chopper (Deep Dwarf Delver)         Turns: 271, Time: 00:01:45

Health: 0/46       AC: 10    Str: 16    XL:     5   Next: 65%
Magic:  4/4        EV:  5    Int: 11    God:
Gold:   55         SH:  0    Dex: 14    Spells: 4/4 levels left

rFire    . . .     SeeInvis .   a - +0 hand axe
rCold    . . .     Faith    .   (no shield)
rNeg     . . .     Spirit   .   h - +0 plate armour
rPois    .         Reflect  .   (no helmet)
rElec    .         Harm     .   (no cloak)
rCorr    .         Rampage  .   (no gloves)
Will     .....                  (no boots)
Stlth    ..........             (no amulet)
HPRegen  0.00/turn              (no ring)
MPRegen  0.09/turn              (no ring)

@: no status effects
A: damage resistance, heal wounds, sense surroundings 1, no regeneration
a: Heal Wounds


You were in an ossuary.
You visited 1 branch of the dungeon, and saw 1 of its levels.
You also visited: Ossuary.

You collected 55 gold pieces.

Inventory:

Hand Weapons
 a - a +0 hand axe (weapon)
Armour
 b - a +0 leather armour
 h - a +0 plate armour (worn)
   (You found it on level 5 of the Dungeon)
Wands
 g - a wand of digging (3) {@v3}
 j - a wand of iceblast (8) {@v2}
   (You found it on level 5 of the Dungeon)
Scrolls
 c - a scroll of fog {!r}
 d - a scroll of identify {unknown}
 e - 2 scrolls of fear {!r}
Potions
 f - a potion of haste {@q4 !q}
 i - a potion of degeneration {unknown}
 k - 2 potions of flight {unknown}
 l - a potion of lignification {unknown}


   Skills:
 - Level 2.6 Fighting
 + Level 6.6 Axes
 - Level 2.1 Dodging
 - Level 6.0 Stealth


You had 4 spell levels left.
You didn't know any spells.
Your spell library was empty.

Dungeon Overview and Level Annotations

Branches:
Dungeon (5/15)            Ossuary (1/1)
 Temple: D:4-7

Altars:
Dithmenos


Innate Abilities, Weirdness & Mutations

You are resistant to damage.
You can heal yourself by infusing magical energy.
You passively map a small area around you.
You do not regenerate.


Message History

* * * LOW HITPOINT WARNING * * *
The mummy barely misses you. The mummy completely misses you.
Your magical essence is drained by the effort!
You feel much better.
The mummy hits you. x2; The mummy hits you!
* * * LOW HITPOINT WARNING * * *
The mummy hits you but does no damage.
You feel much better.
You barely miss the mummy.
The mummy is heavily damaged.
You hit the mummy. You barely miss the mummy. You hit the mummy.
The mummy hits you but does no damage. The mummy hits you. x3
You hit the mummy.
The mummy is heavily damaged.
You slash the mummy! You closely miss the mummy. You hit the mummy.
The mummy hits you!
Your plate armour prevents you from hitting the mummy.
The mummy is heavily damaged.
You hit the mummy but do no damage. You barely miss the mummy.
You hit the mummy.
You destroy the mummy!
The mummy hits you. The mummy hits you!
* * * LOW HITPOINT WARNING * * *
The mummy hits you.
* * * LOW HITPOINT WARNING * * *
You feel much better. The hobgoblin zombie barely misses you.
The mummy hits you but does no damage. The mummy hits you!
* * * LOW HITPOINT WARNING * * *
The mummy hits you!
* * * LOW HITPOINT WARNING * * *
You feel much better.
The hobgoblin zombie hits you but does no damage.
You hit the mummy.
You destroy the mummy!
You hit the hobgoblin zombie. You hit the mummy.
You hit the mummy but do no damage. The mummy hits you.
The mummy barely misses you.
Your plate armour prevents you from hitting the mummy.
The mummy is heavily damaged.
You hit the hobgoblin zombie.
You destroy the hobgoblin zombie!
You hit the mummy but do no damage. You hit the mummy.
The mummy is severely damaged.
You hit the mummy. The mummy hits you. x2
You barely miss the mummy.
The mummy is heavily damaged.
You hit the mummy.
You destroy the mummy!
The mummy hits you but does no damage.
Your plate armour prevents you from hitting the mummy.
The mummy is heavily damaged.
Your plate armour prevents you from hitting the mummy.
The mummy is heavily damaged.
The mummy hits you.
You slash the mummy!
The mummy is almost destroyed.
You hit the mummy but do no damage.
The mummy is almost destroyed.
The mummy hits you.
You hit the mummy.
You destroy the mummy!
A mummy comes into view.
You open the door.
Found four items.
A mummy comes into view.
Found three items.
There is an open door here.
Found 33 gold pieces.
You fail to use your ability.
Found 6 gold pieces and a scroll labelled ROTHAPOEQU.
You fail to use your ability.
You feel much better.
Your plate armour prevents you from hitting the mummy.
You hit the mummy but do no damage. The mummy hits you but does no damage.
Your plate armour prevents you from hitting the mummy.
Found 7 gold pieces and a scroll labelled OVAGASHR PUCISAUSK.
You see here 13 gold pieces.
You now have 40 gold pieces (gained 13).
The mummy hits you!
You see here a bubbling yellow potion.
l - a bubbling yellow potion The mummy hits you!
You see here 15 gold pieces.
You now have 55 gold pieces (gained 15).
You slash the mummy!
The mummy is moderately damaged.
You hit the mummy. The mummy closely misses you.
The mummy hits you but does no damage.
You hit the mummy.
The mummy is heavily damaged.
You hit the mummy but do no damage.
Your plate armour prevents you from hitting the mummy.
The mummy is heavily damaged.
You hit the mummy but do no damage. The mummy hits you but does no damage.
The mummy hits you!
* * * LOW HITPOINT WARNING * * *
You barely miss the mummy.
The mummy is lightly damaged.
You barely miss the mummy. The mummy hits you!
You die...

................#
...............#
,.............#
#........##'#
,*#......##..## ,
##....##....## ,
,,#....#......##
, ,#....#.....MM#
, #....#....!!@#
,#....#....!$$#
#....#...!?$## ,
#....##...$$# ,
#....##..?$## *
#.∩∩.###.?$
###### ####*


You could see 2 mummies.

Vanquished Creatures
  A phantom (D:5)
  A water moccasin skeleton (D:5)
  A hound (D:5)
  5 mummies
  A gnoll zombie (Ossuary)
  A quokka (D:5)
  3 hobgoblin zombies (Ossuary)
  4 orc zombies (Ossuary)
17 creatures vanquished.

Notes
Turn   | Place    | Note
-------+----------+-------------------------------------------
     0 | D:5      | EnegeticOcto the Deep Dwarf Delver began the quest for the
                  | Orb.
     0 | D:5      | Reached XP level 1. HP: 20/20 MP: 1/1
    22 | D:5      | Noticed a phantom
    56 | D:5      | Reached skill level 4 in Axes
    56 | D:5      | Reached XP level 2. HP: 16/27 MP: 2/2
    56 | D:5      | Reached XP level 3. HP: 19/33 MP: 3/3
    64 | D:5      | Found a shadowy altar of Dithmenos.
   127 | D:5      | Reached XP level 4. HP: 19/40 MP: 4/4
   171 | D:5      | Killed a phantom
   172 | D:5      | Reached skill level 5 in Axes
   172 | D:5      | Reached XP level 5. HP: 31/46 MP: 5/5
   185 | D:5      | Found a sand-covered staircase.
   195 | D:5      | Reached skill level 6 in Axes
   198 | Ossuary  | Entered an ossuary
   230 | Ossuary  | Your magical essence is drained by the effort!
   271 | Ossuary  | Slain by a mummy

Illustrated notes

Levels and vault maps discovered:
D:5:      layout_cave_pools, general_overflow_altar,
          nicolae_dithmenos_the_darkroom, nemelex_diamond_rough_becter,
          gup_ossuary_entry_pyramid
Ossuary:  ossuary_tomb_3

Skill      XL: |  1  2  3  4  5 |
---------------+----------------+-----
Axes           | 4 5 6 |  6.6
Fighting       | |  2.6
Dodging        | |  2.1
Stealth        | |  6.0

Action                   |  1- 3 |  4- 6 || total
-------------------------+-------+-------++-------
Melee: Hand axe          |    34 |    63 ||    97
 Abil: Heal Wounds       |       |    10 ||    10
  Use: Scroll            |     1 |       ||     1
Armor: Plate armour      |    28 |    41 ||    69
Dodge: Dodged            |     9 |    12 ||    21

Table legend: (Time is in decaauts)
 A = Elapsed time spent in this place.
 B = Non-inter-level travel time spent in this place.
 C = Inter-level travel time spent in this place.
 D = Time resting spent in this place.
 E = Time spent auto-exploring this place.
 F = Levels seen in this place.
 G = Mean time per level.
                   A        B        C        D        E       F      G
               +--------+--------+--------+--------+--------+-----+--------+
         Total |    274 |    274 |      0 |      0 |      0 |   2 |  137.0 |
       Dungeon |    202 |    202 |      0 |      0 |      0 |   1 |  202.0 |
       Ossuary |     72 |     72 |      0 |      0 |      0 |   1 |   72.0 |
               +--------+--------+--------+--------+--------+-----+--------+

Top non-repeatable levels by time:
     D:5: 202 daAuts
 Ossuary: 72 daAuts
